Bears vs Bruins

Created - Monday, December 21, 2015 at 02:57

Goals
1 2 3 T
Bears 0 0 1 1
Bruins 1 0 1 2
Shots
1 2 3 T
Bears 7 8 10 25
Bruins 13 7 7 27

1st period

1. Bruins , Borna Rendulic 14 (Kevin Porter, Cole Schneider) at 13:27

Penalties :
Raman Hrabarenka (Pro) for Fighting (Major) at 3:52, Brandon Burlon (Her) for Fighting (Major) at 3:52, Raman Hrabarenka (Pro) for instigated a fight (Minor) at 3:52, Raman Hrabarenka (Pro) for instigated a fight (10 Minutes Misconduct) at 3:52, Kevin Czuczman (Pro) for Fighting (Major) at 5:59, Kyle Clifford (Her) for Fighting (Major) at 5:59, Magnus Nygren (Pro) for Roughing (Minor) at 7:24, Conor Allen (Pro) for Hooking (Minor) at 15:43

2nd period

No Goal

Penalties :
Conor Allen (Pro) for Roughing (Minor) at 4:36, Steve Oleksy (Her) for Roughing (Minor) at 7:56, Borna Rendulic (Pro) for Holding (Minor) at 12:11, Buddy Robinson (Pro) for Fighting (Major) at 17:46, Brandon Burlon (Her) for Fighting (Major) at 17:46, Dennis Everberg (Pro) for Interference (Minor) at 18:13

3rd period

2. Bears , Brandon Gormley 3 (Michael Ryder) at 1:56 (SH)
3. Bruins , Marko Dano 7 (Kevin Porter, Dennis Everberg) at 10:55 (PP)

Penalties :
David Dziurzynski (Her) for Hooking (Minor) at 1:41, David Dziurzynski (Her) for Holding (Minor) at 10:33, Raman Hrabarenka (Pro) for Fighting (Major) at 11:22, Kyle Clifford (Her) for Fighting (Major) at 11:22, Dennis Rasmussen (Pro) for Slashing (Minor) at 16:54

Goalie Stats

John Gibson (Her), 25 saves from 27 shots - (0.926), L, 9-9-3, 59:18 minutes
Philipp Grubauer (Pro), 24 saves from 25 shots - (0.960), W, 16-5-11, 60:00 minutes

Players Stats for Bears

Player Name              G  A  P  +/- PIM S  H  SB GA TA FO     MP     PP MP  PK MP  
------------------------------------------------------------------------------------
Andreas Athanasiou       0  0  0   0  0   1  0  0  1  0  0/0     2:58   0:00   0:00 
Ben Youds                0  0  0   0  0   1  0  2  0  1  0/0    21:30   6:25   1:02 
Brandon Burlon           0  0  0  -1  10  1  4  2  0  0  0/0    20:45   4:32   1:44 
Brandon Gormley          1  0  1   0  0   2  0  3  0  3  0/0    27:05   7:28   3:18 
Chad LaRose              0  0  0   0  0   0  1  0  0  0  0/0     2:03   0:00   0:00 
David Dziurzynski        0  0  0   0  4   0  2  0  2  0  0/0     7:38   1:41   0:59 
Erik Condra              0  0  0  -1  0   3  2  1  4  4  1/2    20:28   6:48   0:23 
Jeremy Langlois          0  0  0   0  0   2  0  1  1  0  0/1    10:30   0:00   0:00 
Jesse Root               0  0  0   0  0   1  1  0  1  0  4/9    15:13   0:00   0:00 
Justin Florek            0  0  0   0  0   1  0  0  2  1  0/0    15:54   0:00   0:41 
Kyle Clifford            0  0  0   0  10  1  4  0  3  1  0/0    15:37   5:46   0:23 
Kyle Cumiskey            0  0  0   0  0   1  1  2  0  1  0/0    21:30   6:25   1:02 
Leon Draisaitl           0  0  0  -1  0   3  1  1  3  0  11/17  20:05   6:48   0:00 
Ludwig Bystrom           0  0  0   1  0   1  1  0  0  0  0/0    13:04   0:00   1:40 
Michael Ryder            0  1  1   1  0   3  0  0  5  0  0/1    22:09   7:05   2:58 
Steve Bernier            0  0  0   0  0   2  1  0  0  0  4/5    23:29   6:26   2:46 
Steve Oleksy             0  0  0   0  2   0  0  0  2  0  0/0    16:08   2:56   0:00 
Tyler Brown              0  0  0   0  0   2  1  0  0  0  7/16   19:28   7:05   0:30 

Players Stats for Bruins

Player Name              G  A  P  +/- PIM S  H  SB GA TA FO     MP     PP MP  PK MP  
------------------------------------------------------------------------------------
Andrew Agozzino          0  0  0   0  0   0  1  1  3  0  1/1    11:22   0:00   0:00 
Andrew Cherniwchan       0  0  0   0  0   1  0  0  0  2  1/1     9:00   0:38   0:25 
Beau Schmitz             0  0  0   1  0   0  0  0  0  0  0/0     8:17   0:00   0:00 
Borna Rendulic           1  0  1   1  2   1  1  0  1  0  0/2    15:04   2:14   0:00 
Buddy Robinson           0  0  0   0  5   1  4  1  0  0  0/0    10:41   1:47   0:00 
Cole Schneider           0  1  1   1  0   3  3  1  1  0  0/0    15:09   2:14   0:00 
Conor Allen              0  0  0  -1  4   1  5  0  0  3  0/0    25:58   2:31   6:09 
Dennis Everberg          0  1  1  -1  2   3  1  3  3  2  1/1    20:09   1:55   7:55 
Dennis Rasmussen         0  0  0   0  2   0  1  0  0  1  3/3    11:17   0:00   2:17 
Johan Alm                0  0  0   0  0   1  0  3  0  3  0/0    14:18   0:00   4:43 
Jordan Oesterle          0  0  0   0  0   2  1  1  0  1  0/0    21:55   1:30   6:45 
Kael Mouillierat         0  0  0   0  0   5  1  0  6  0  4/5    16:04   0:00   3:59 
Kevin Czuczman           0  0  0   1  5   1  4  0  0  1  0/0    15:18   0:19   1:37 
Kevin Porter             0  2  2   0  0   3  0  0  2  0  6/10   20:13   2:06   5:34 
Magnus Nygren            0  0  0   0  2   0  0  2  0  0  0/0    17:13   1:30   3:38 
Marc Hagel               0  0  0   0  0   1  1  0  0  1  1/1    11:22   0:00   0:00 
Marko Dano               1  0  1  -1  0   4  0  1  5  1  7/27   24:11   2:06   7:51 
Raman Hrabarenka         0  0  0  -1  22  0  2  2  0  3  0/0    18:36   2:50   4:54 

3 Stars

1 - Philipp Grubauer (Pro)
2 - Cole Schneider (Pro)
3 - Brandon Gormley (Her)

Power Play

Bears - 0 on 7 Attempt(s) - 0.00%
Bruins - 1 on 3 Attempt(s) - 33.33%

Penalty Kill

Bears - 2 on 3 Attempt(s) - 66.67% - Score 1 goal in Penalty Kill
Bruins - 7 on 7 Attempt(s) - 100.00% - Score 0 goal in Penalty Kill

Team Stat

Bears - Hits : 19 - Faceoff Wins : 27 - Blocked Shots : 12 - Penalty Minutes : 26
Bruins - Hits : 25 - Faceoff Wins : 24 - Blocked Shots : 15 - Penalty Minutes : 44

Official

Referees : Unknown
Linesman : Unknown

Game Notes

Brandon Burlon beats up Raman Hrabarenka at 3:52 of 1st period
Kyle Clifford beats up Kevin Czuczman at 5:59 of 1st period
Jeremy Langlois is injured at 17:35 of 2nd period (Bruised Left Arm)
Brandon Burlon beats up Buddy Robinson at 17:46 of 2nd period
Raman Hrabarenka and Kyle Clifford fight to a draw at 11:22 of 3rd period

Finance

Level 1 -- Attendance: 1387 (69.35%) -- Ticket Income $48,545
Level 2 -- Attendance: 699 (69.90%) -- Ticket Income $10,485
Total Attendance: 2086 (69.53%)
Total Ticket Income: $59,030
Other Income: $28,925
Total Income: $87,955

Bears

5 vs 5 Forward 
   Center                   Left Wing                Right Wing               Time % Phy DF OF 
 1 Leon Draisaitl           Erik Condra              Steve Bernier            35     1   2  2  
 2 Tyler Brown              Kyle Clifford            Michael Ryder            30     1   2  2  
 3 Jesse Root               Justin Florek            Jeremy Langlois          22     1   2  2  
 4 Steve Bernier            Chad LaRose              Michael Ryder            13     1   2  2  

5 vs 5 Defense 
   Defense                  Defense                                           Time % Phy DF OF 
 1 Brandon Gormley          Brandon Burlon                                    35     1   2  2  
 2 Kyle Cumiskey            Ben Youds                                         30     1   2  2  
 3 Steve Oleksy             Ludwig Bystrom                                    22     1   2  2  
 4 Brandon Gormley          Brandon Burlon                                    13     1   2  2  

PowerPlay Forward 
   Center                   Left Wing                Right Wing               Time % Phy DF OF 
 1 Leon Draisaitl           Erik Condra              Steve Bernier            60     1   2  2  
 2 Tyler Brown              Kyle Clifford            Michael Ryder            40     1   2  2  

PowerPlay Defense
   Defense                  Defense                                           Time % Phy DF OF 
 1 Brandon Gormley          Brandon Burlon                                    60     1   2  2  
 2 Kyle Cumiskey            Ben Youds                                         40     1   2  2  

Penalty Kill 4 Players Forward 
   Center                   Wing                     Time % Phy DF OF 
 1 Steve Bernier            Michael Ryder            60     1   2  2  
 2 Erik Condra              Kyle Clifford            40     1   2  2  

Penalty Kill 4 Players Defense
   Defense                  Defense                  Time % Phy DF OF 
 1 Brandon Gormley          Brandon Burlon           60     1   2  2  
 2 Kyle Cumiskey            Ben Youds                40     1   2  2  

Penalty Kill - 3 Players Forward 
   Forward                                           Time % Phy DF OF 
 1 Steve Bernier                                     60     1   2  2  
 2 Michael Ryder                                     40     1   2  2  

Penalty Kill - 3 Players Defense
   Defense                  Defense                  Time % Phy DF OF 
 1 Brandon Gormley          Brandon Burlon           60     1   2  2  
 2 Kyle Cumiskey            Ben Youds                40     1   2  2  

4 vs 4 Forward 
   Center                   Wing                     Time % Phy DF OF 
 1 Steve Bernier            Michael Ryder            60     1   2  2  
 2 Erik Condra              Kyle Clifford            40     1   2  2  

4 vs 4 Defense
   Defense                  Defense                  Time % Phy DF OF 
 1 Brandon Gormley          Brandon Burlon           60     1   2  2  
 2 Kyle Cumiskey            Ben Youds                40     1   2  2  

Last Minutes Offensive
   Center                   Left Wing                Right Wing               Defense                  Defense                  
   Leon Draisaitl           Erik Condra              Steve Bernier            Brandon Gormley          Brandon Burlon           

Last Minutes Defensive
   Center                   Left Wing                Right Wing               Defense                  Defense                  
   Leon Draisaitl           Erik Condra              Steve Bernier            Brandon Gormley          Brandon Burlon           

Goaltenders
Starting : John Gibson              
Backup : FARM GOALIE1             

Extra Forwards
Normal : David Dziurzynski, Andreas Athanasiou, Justin Florek - PP : David Dziurzynski, Andreas Athanasiou - PK : Justin Florek
Extra Defensemen
Normal : Steve Oleksy, Ludwig Bystrom, Kyle Cumiskey - PP : Steve Oleksy - PK : Ludwig Bystrom, Kyle Cumiskey
Penalty Shots
Steve Bernier, Michael Ryder, Erik Condra, Kyle Clifford, Leon Draisaitl

Bruins

5 vs 5 Forward 
   Center                   Left Wing                Right Wing               Time % Phy DF OF 
 1 Marko Dano               Dennis Everberg          Buddy Robinson           35     1   2  2  
 2 Kevin Porter             Borna Rendulic           Cole Schneider           30     1   2  2  
 3 Kael Mouillierat         Andrew Agozzino          Marc Hagel               22     1   2  2  
 4 Dennis Rasmussen         Andrew Cherniwchan       Marko Dano               13     1   2  2  

5 vs 5 Defense 
   Defense                  Defense                                           Time % Phy DF OF 
 1 Raman Hrabarenka         Conor Allen                                       35     1   2  2  
 2 Magnus Nygren            Jordan Oesterle                                   30     1   2  2  
 3 Johan Alm                Kevin Czuczman                                    22     1   2  2  
 4 Beau Schmitz             Raman Hrabarenka                                  13     1   2  2  

PowerPlay Forward 
   Center                   Left Wing                Right Wing               Time % Phy DF OF 
 1 Marko Dano               Dennis Everberg          Kevin Porter             60     1   2  2  
 2 Borna Rendulic           Buddy Robinson           Cole Schneider           40     1   2  2  

PowerPlay Defense
   Defense                  Defense                                           Time % Phy DF OF 
 1 Raman Hrabarenka         Conor Allen                                       60     1   2  2  
 2 Jordan Oesterle          Magnus Nygren                                     40     1   2  2  

Penalty Kill 4 Players Forward 
   Center                   Wing                     Time % Phy DF OF 
 1 Marko Dano               Dennis Everberg          60     1   2  2  
 2 Kevin Porter             Kael Mouillierat         40     1   2  2  

Penalty Kill 4 Players Defense
   Defense                  Defense                  Time % Phy DF OF 
 1 Raman Hrabarenka         Conor Allen              60     1   2  2  
 2 Johan Alm                Jordan Oesterle          40     1   2  2  

Penalty Kill - 3 Players Forward 
   Forward                                           Time % Phy DF OF 
 1 Marko Dano                                        60     1   2  2  
 2 Marc Hagel                                        40     1   2  2  

Penalty Kill - 3 Players Defense
   Defense                  Defense                  Time % Phy DF OF 
 1 Raman Hrabarenka         Magnus Nygren            60     1   2  2  
 2 Beau Schmitz             Conor Allen              40     1   2  2  

4 vs 4 Forward 
   Center                   Wing                     Time % Phy DF OF 
 1 Marko Dano               Kevin Porter             60     1   2  2  
 2 Dennis Everberg          Andrew Agozzino          40     1   2  2  

4 vs 4 Defense
   Defense                  Defense                  Time % Phy DF OF 
 1 Conor Allen              Raman Hrabarenka         60     1   2  2  
 2 Kevin Czuczman           Johan Alm                40     1   2  2  

Last Minutes Offensive
   Center                   Left Wing                Right Wing               Defense                  Defense                  
   Marko Dano               Dennis Everberg          Kevin Porter             Raman Hrabarenka         Conor Allen              

Last Minutes Defensive
   Center                   Left Wing                Right Wing               Defense                  Defense                  
   Marko Dano               Dennis Everberg          Kevin Porter             Raman Hrabarenka         Conor Allen              

Goaltenders
Starting : Philipp Grubauer         
Backup : Connor Hellebuyck        

Extra Forwards
Normal : Andrew Cherniwchan, Marko Dano, Dennis Everberg - PP : Cole Schneider, Buddy Robinson - PK : Dennis Rasmussen
Extra Defensemen
Normal : Kevin Czuczman, Beau Schmitz, Raman Hrabarenka - PP : Conor Allen - PK : Magnus Nygren, Raman Hrabarenka
Penalty Shots
Andrew Cherniwchan, Marko Dano, Dennis Everberg, Cole Schneider, Buddy Robinson

% Time on Ice - Bears

Lines # - Real PCT - Wanted PCT - Time Play
Normal Forward
1 - 31% - 35% - 12:32
2 - 29% - 30% - 11:45
3 - 37% - 22% - 15:14
4 - 3% - 13% - 1:23
Normal Defense
1 - 34% - 35% - 13:59
2 - 34% - 30% - 14:04
3 - 28% - 22% - 11:24
4 - 4% - 13% - 1:27
PP Forward
1 - 49% - 60% - 6:48
2 - 51% - 40% - 7:05
PP Defense
1 - 54% - 60% - 7:28
2 - 46% - 40% - 6:25
PK Forward
1 - 91% - 60% - 3:57
2 - 9% - 40% - 0:23
PK Defense
1 - 76% - 60% - 3:18
2 - 24% - 40% - 1:02
PK3 Forward
1 - 0% - 60%
2 - 0% - 40%
PK3 Defense
1 - 0% - 60%
2 - 0% - 40%
44 Forward
1 - 0% - 60%
2 - 0% - 40%
44 Defense
1 - 0% - 60%
2 - 0% - 40%
Last Minute Offensive  - 0:53
Last Minute Defensive  - 0:00
Total
Forward - 60:00
Defense - 60:00

% Time on Ice - Bruins

Lines # - Real PCT - Wanted PCT - Time Play
Normal Forward
1 - 25% - 35% - 10:20
2 - 32% - 30% - 13:14
3 - 28% - 22% - 11:23
4 - 16% - 13% - 6:26
Normal Defense
1 - 38% - 35% - 15:40
2 - 31% - 30% - 13:01
3 - 20% - 22% - 8:16
4 - 11% - 13% - 4:26
PP Forward
1 - 48% - 60% - 2:06
2 - 52% - 40% - 2:14
PP Defense
1 - 65% - 60% - 2:50
2 - 35% - 40% - 1:30
PK Forward
1 - 71% - 60% - 9:54
2 - 29% - 40% - 3:59
PK Defense
1 - 66% - 60% - 9:10
2 - 34% - 40% - 4:43
PK3 Forward
1 - 0% - 60%
2 - 0% - 40%
PK3 Defense
1 - 0% - 60%
2 - 0% - 40%
44 Forward
1 - 0% - 60%
2 - 0% - 40%
44 Defense
1 - 0% - 60%
2 - 0% - 40%
Last Minute Offensive  - 0:00
Last Minute Defensive  - 0:24
Total
Forward - 60:00
Defense - 60:00

Play by Play

1st period


0:01 of 1st period - Leon Draisaitl wins face-off versus Marko Dano in neutral zone.
0:25 of 1st period - Snap shot by Dennis Everberg.
0:25 of 1st period - Stopped by John Gibson with a rebound.
0:57 of 1st period - Borna Rendulic is hit by Kyle Clifford and loses puck.
1:04 of 1st period - Slapshot by Jordan Oesterle.
1:04 of 1st period - Deflect By Michael Ryder.
1:04 of 1st period - Stopped by John Gibson without a rebound.
1:05 of 1st period - Jesse Root wins face-off versus Kevin Porter in Bears zone.
2:01 of 1st period - Jeremy Langlois is hit by Kael Mouillierat.
2:11 of 1st period - Kyle Clifford is hit by Kevin Czuczman.
2:12 of 1st period - Icing by Kyle Clifford.
2:13 of 1st period - Dennis Rasmussen wins face-off versus Tyler Brown in Bears zone.
2:32 of 1st period - Slapshot by Marko Dano.
2:32 of 1st period - Stopped by John Gibson with a rebound.
3:04 of 1st period - Erik Condra is hit by Cole Schneider and loses puck.
3:52 of 1st period - Brandon Burlon beats up Raman Hrabarenka.
3:52 of 1st period - Penalty to Raman Hrabarenka for Fighting.
3:52 of 1st period - Penalty to Brandon Burlon for Fighting.
3:52 of 1st period - Penalty to Raman Hrabarenka for instigated a fight.
3:52 of 1st period - Penalty to Raman Hrabarenka for instigated a fight.
3:53 of 1st period - Tyler Brown wins face-off versus Marko Dano in Bruins zone.
3:54 of 1st period - Backhand shot by Kyle Clifford.
3:54 of 1st period - Shot Misses the Net.
4:02 of 1st period - Wrist shot by Michael Ryder.
4:02 of 1st period - Shot Misses the Net.
4:04 of 1st period - Snap shot by Michael Ryder.
4:04 of 1st period - Stopped by Philipp Grubauer without a rebound.
4:05 of 1st period - Tyler Brown wins face-off versus Marko Dano in Bruins zone.
4:12 of 1st period - Wrist shot by Kyle Clifford.
4:12 of 1st period - Deflect By Tyler Brown.
4:12 of 1st period - Shot Misses the Net.
4:12 of 1st period - Puck is out of play.
4:13 of 1st period - Tyler Brown wins face-off versus Marko Dano in Bruins zone.
5:04 of 1st period - Wrist shot by Erik Condra.
5:04 of 1st period - Stopped by Philipp Grubauer with a rebound.
5:06 of 1st period - Snap shot by Leon Draisaitl.
5:06 of 1st period - Stopped by Philipp Grubauer without a rebound.
5:07 of 1st period - Leon Draisaitl wins face-off versus Marko Dano in Bruins zone.
5:10 of 1st period - Wrist shot by Erik Condra.
5:10 of 1st period - Stopped by Philipp Grubauer without a rebound.
5:11 of 1st period - Erik Condra wins face-off versus Marko Dano in Bruins zone.
5:50 of 1st period - Slapshot by Jordan Oesterle.
5:50 of 1st period - Shot Misses the Net.
5:52 of 1st period - Penalty to Raman Hrabarenka is over, Dennis Rasmussen is send on ice.
5:52 of 1st period - Snap shot by Kael Mouillierat.
5:52 of 1st period - Stopped by John Gibson without a rebound.
5:53 of 1st period - Tyler Brown wins face-off versus Kevin Porter in Bears zone.
5:59 of 1st period - Kyle Clifford beats up Kevin Czuczman.
5:59 of 1st period - Penalty to Kevin Czuczman for Fighting.
5:59 of 1st period - Penalty to Kyle Clifford for Fighting.
6:00 of 1st period - Marko Dano wins face-off versus Jesse Root in Bears zone.
6:01 of 1st period - Wrist shot by Dennis Everberg.
6:01 of 1st period - Stopped by John Gibson without a rebound.
6:02 of 1st period - Jesse Root wins face-off versus Marko Dano in Bears zone.
6:40 of 1st period - Ben Youds is hit by Conor Allen and loses puck.
6:59 of 1st period - Erik Condra is hit by Borna Rendulic and loses puck.
7:24 of 1st period - Minor Penalty to Magnus Nygren for Roughing.
7:25 of 1st period - Marko Dano wins face-off versus Tyler Brown in Bruins zone.
7:48 of 1st period - Slapshot by Michael Ryder.
7:48 of 1st period - Shot Misses the Net.
8:08 of 1st period - Jordan Oesterle is hit by David Dziurzynski and loses puck.
8:27 of 1st period - Slapshot by Kael Mouillierat.
8:27 of 1st period - Stopped by John Gibson with a rebound.
8:29 of 1st period - Snap shot by Conor Allen.
8:29 of 1st period - Stopped by John Gibson with a rebound.
8:31 of 1st period - Slapshot by Conor Allen.
8:31 of 1st period - Shot Blocked by Ben Youds.
8:33 of 1st period - Slapshot by Conor Allen.
8:33 of 1st period - Shot Misses the Net.
8:35 of 1st period - Wrist shot by Jordan Oesterle.
8:35 of 1st period - Stopped by John Gibson with a rebound.
8:52 of 1st period - Penalty to Raman Hrabarenka is over, Dennis Rasmussen is send on ice.
8:57 of 1st period - Tyler Brown is hit by Conor Allen.
9:17 of 1st period - Marko Dano is hit by David Dziurzynski and loses puck.
9:24 of 1st period - Penalty to Magnus Nygren is over, Magnus Nygren is back on ice.
9:28 of 1st period - Dennis Everberg is hit by Steve Bernier and loses puck.
9:55 of 1st period - Conor Allen is hit by Brandon Burlon and loses puck.
10:08 of 1st period - Snap shot by Kael Mouillierat.
10:08 of 1st period - Shot Blocked by Brandon Gormley.
10:10 of 1st period - Snap shot by Marc Hagel.
10:10 of 1st period - Stopped by John Gibson without a rebound.
10:11 of 1st period - Kevin Porter wins face-off versus Jesse Root in Bears zone.
10:34 of 1st period - Wrist shot by Jeremy Langlois.
10:34 of 1st period - Stopped by Philipp Grubauer without a rebound.
10:35 of 1st period - Kael Mouillierat wins face-off versus Michael Ryder in Bruins zone.
11:42 of 1st period - Brandon Gormley is hit by Kevin Czuczman.
12:03 of 1st period - Beau Schmitz is hit by Jesse Root and loses puck.
12:26 of 1st period - Snap shot by Michael Ryder.
12:26 of 1st period - Shot Misses the Net.
12:42 of 1st period - Wrist shot by Steve Bernier.
12:42 of 1st period - Stopped by Philipp Grubauer with a rebound.
13:07 of 1st period - Icing by Brandon Gormley.
13:08 of 1st period - Kevin Porter wins face-off versus Leon Draisaitl in Bears zone.
13:23 of 1st period - Wrist shot by Kevin Porter.
13:23 of 1st period - Stopped by John Gibson with a rebound.
13:25 of 1st period - Snap shot by Kevin Porter.
13:25 of 1st period - Stopped by John Gibson with a rebound.
13:27 of 1st period - Wrist shot by Borna Rendulic.
13:27 of 1st period - Goal by Borna Rendulic - Bears : 0 - Bruins : 1.
13:28 of 1st period - Marko Dano wins face-off versus Jeremy Langlois in neutral zone.
14:46 of 1st period - Icing by Brandon Gormley.
14:47 of 1st period - Marc Hagel wins face-off versus Leon Draisaitl in Bears zone.
15:43 of 1st period - Minor Penalty to Conor Allen for Hooking.
15:44 of 1st period - Leon Draisaitl wins face-off versus Marko Dano in Bruins zone.
17:05 of 1st period - Off-side.
17:06 of 1st period - Kevin Porter wins face-off versus Leon Draisaitl in neutral zone.
17:31 of 1st period - Snap shot by Kyle Clifford.
17:31 of 1st period - Shot Misses the Net.
17:33 of 1st period - Snap shot by Kyle Clifford.
17:33 of 1st period - Shot Misses the Net.
17:35 of 1st period - Snap shot by Ben Youds.
17:35 of 1st period - Shot Misses the Net.
17:43 of 1st period - Penalty to Conor Allen is over, Conor Allen is back on ice.
17:49 of 1st period - Jordan Oesterle is hit by Erik Condra and loses puck.
17:56 of 1st period - Leon Draisaitl is hit by Jordan Oesterle and loses puck.
18:05 of 1st period - Slapshot by Borna Rendulic.
18:05 of 1st period - Shot Blocked by Erik Condra.
18:17 of 1st period - Snap shot by Marko Dano.
18:17 of 1st period - Shot Blocked by Leon Draisaitl.
18:19 of 1st period - Slapshot by Marko Dano.
18:19 of 1st period - Stopped by John Gibson without a rebound.
18:20 of 1st period - Dennis Rasmussen wins face-off versus Jesse Root in Bears zone.
18:39 of 1st period - Slapshot by Marko Dano.
18:39 of 1st period - Shot Misses the Net.
18:52 of 1st period - 10 Minutes Misconduct Penalty to Raman Hrabarenka is over.
19:52 of 1st period - Snap shot by Michael Ryder.
19:52 of 1st period - Stopped by Philipp Grubauer without a rebound.
19:53 of 1st period - Marko Dano wins face-off versus Tyler Brown in Bruins zone.
Goals for this period are 0 for Bears vs 1 for Bruins.
Shots for this period are 7 for Bears vs 13 for Bruins.

2nd period


0:01 of 2nd period - Dennis Everberg wins face-off versus Tyler Brown in neutral zone.
0:04 of 2nd period - Snap shot by Marko Dano.
0:04 of 2nd period - Shot Blocked by Brandon Burlon.
0:06 of 2nd period - Wrist shot by Buddy Robinson.
0:06 of 2nd period - Stopped by John Gibson without a rebound.
0:07 of 2nd period - Marko Dano wins face-off versus Tyler Brown in Bears zone.
1:01 of 2nd period - Kevin Porter is hit by Leon Draisaitl and loses puck.
1:55 of 2nd period - Slapshot by Raman Hrabarenka.
1:55 of 2nd period - Shot Blocked by Kyle Cumiskey.
1:57 of 2nd period - Snap shot by Kael Mouillierat.
1:57 of 2nd period - Stopped by John Gibson with a rebound.
2:36 of 2nd period - Wrist shot by Andrew Cherniwchan.
2:36 of 2nd period - Stopped by John Gibson with a rebound.
2:38 of 2nd period - Slapshot by Kevin Czuczman.
2:38 of 2nd period - Stopped by John Gibson with a rebound.
3:02 of 2nd period - Ludwig Bystrom is hit by Buddy Robinson.
3:12 of 2nd period - Slapshot by Kyle Clifford.
3:12 of 2nd period - Stopped by Philipp Grubauer with a rebound.
3:14 of 2nd period - Slapshot by Ludwig Bystrom.
3:14 of 2nd period - Shot Blocked by Marko Dano.
3:22 of 2nd period - Wrist shot by Michael Ryder.
3:22 of 2nd period - Shot Misses the Net.
3:24 of 2nd period - Snap shot by Tyler Brown.
3:24 of 2nd period - Stopped by Philipp Grubauer with a rebound.
3:26 of 2nd period - Snap shot by Michael Ryder.
3:26 of 2nd period - Stopped by Philipp Grubauer without a rebound.
3:27 of 2nd period - Kevin Porter wins face-off versus Leon Draisaitl in Bruins zone.
3:56 of 2nd period - Slapshot by Cole Schneider.
3:56 of 2nd period - Stopped by John Gibson without a rebound.
3:57 of 2nd period - Kael Mouillierat wins face-off versus Tyler Brown in Bears zone.
4:36 of 2nd period - Minor Penalty to Conor Allen for Roughing.
4:37 of 2nd period - Leon Draisaitl wins face-off versus Marko Dano in Bruins zone.
5:01 of 2nd period - Backhand shot by Leon Draisaitl.
5:01 of 2nd period - Stopped by Philipp Grubauer with a rebound.
5:19 of 2nd period - Snap shot by Michael Ryder.
5:19 of 2nd period - Shot Misses the Net.
5:23 of 2nd period - Snap shot by Tyler Brown.
5:23 of 2nd period - Shot Blocked by Dennis Everberg.
5:25 of 2nd period - Wrist shot by Michael Ryder.
5:25 of 2nd period - Shot Misses the Net.
5:27 of 2nd period - Wrist shot by Tyler Brown.
5:27 of 2nd period - Shot Blocked by Magnus Nygren.
5:29 of 2nd period - Wrist shot by Tyler Brown.
5:29 of 2nd period - Shot Blocked by Magnus Nygren.
5:42 of 2nd period - Icing by Erik Condra.
5:43 of 2nd period - Leon Draisaitl wins face-off versus Kevin Porter in Bears zone.
5:48 of 2nd period - Jordan Oesterle is hit by Brandon Burlon and loses puck.
6:23 of 2nd period - Kyle Clifford is hit by Dennis Everberg and loses puck.
6:36 of 2nd period - Penalty to Conor Allen is over, Conor Allen is back on ice.
6:36 of 2nd period - Erik Condra is hit by Conor Allen.
6:48 of 2nd period - Dennis Rasmussen is hit by Erik Condra and loses puck.
6:59 of 2nd period - Jesse Root is hit by Dennis Rasmussen.
7:21 of 2nd period - Wrist shot by Jeremy Langlois.
7:21 of 2nd period - Stopped by Philipp Grubauer with a rebound.
7:56 of 2nd period - Minor Penalty to Steve Oleksy for Roughing.
7:57 of 2nd period - Steve Bernier wins face-off versus Borna Rendulic in Bears zone.
8:46 of 2nd period - Cole Schneider is hit by Brandon Burlon and loses puck.
9:43 of 2nd period - Wrist shot by Brandon Gormley.
9:43 of 2nd period - Shot Misses the Net.
9:45 of 2nd period - Wrist shot by Tyler Brown.
9:45 of 2nd period - Deflect By David Dziurzynski.
9:45 of 2nd period - Shot Misses the Net.
9:45 of 2nd period - Puck is out of play.
9:46 of 2nd period - Tyler Brown wins face-off versus Borna Rendulic in Bruins zone.
9:53 of 2nd period - Backhand shot by Brandon Gormley.
9:53 of 2nd period - Shot Blocked by Raman Hrabarenka.
9:55 of 2nd period - Wrist shot by Tyler Brown.
9:55 of 2nd period - Stopped by Philipp Grubauer with a rebound.
9:56 of 2nd period - Penalty to Steve Oleksy is over, Steve Oleksy is back on ice.
9:57 of 2nd period - Wrist shot by Brandon Gormley.
9:57 of 2nd period - Shot Blocked by Buddy Robinson.
10:01 of 2nd period - Wrist shot by Tyler Brown.
10:01 of 2nd period - Shot Blocked by Cole Schneider.
10:03 of 2nd period - Slapshot by Ludwig Bystrom.
10:03 of 2nd period - Stopped by Philipp Grubauer without a rebound.
10:04 of 2nd period - Kael Mouillierat wins face-off versus Jesse Root in Bruins zone.
10:15 of 2nd period - Snap shot by Kael Mouillierat.
10:15 of 2nd period - Stopped by John Gibson with a rebound.
10:17 of 2nd period - Wrist shot by Johan Alm.
10:17 of 2nd period - Stopped by John Gibson without a rebound.
10:18 of 2nd period - Jesse Root wins face-off versus Kael Mouillierat in Bears zone.
10:53 of 2nd period - Brandon Gormley is hit by Andrew Agozzino and loses puck.
12:11 of 2nd period - Minor Penalty to Borna Rendulic for Holding.
12:12 of 2nd period - Leon Draisaitl wins face-off versus Marko Dano in Bruins zone.
14:11 of 2nd period - Penalty to Borna Rendulic is over, Borna Rendulic is back on ice.
14:18 of 2nd period - Marko Dano is hit by Kyle Clifford and loses puck.
15:33 of 2nd period - Jeremy Langlois is hit by Cole Schneider and loses puck.
17:33 of 2nd period - Snap shot by Andrew Agozzino.
17:33 of 2nd period - Shot Blocked by Ben Youds.
17:35 of 2nd period - Wrist shot by Jordan Oesterle.
17:35 of 2nd period - Deflect By Andrew Agozzino.
17:35 of 2nd period - Shot Blocked by Jeremy Langlois.
17:35 of 2nd period - Jeremy Langlois from Bears is injured at 17:35 of 2nd period (Bruised Left Arm).
17:36 of 2nd period - Leon Draisaitl wins face-off versus Marko Dano in Bears zone.
17:41 of 2nd period - Slapshot by Leon Draisaitl.
17:41 of 2nd period - Shot Misses the Net.
17:43 of 2nd period - Slapshot by Brandon Gormley.
17:43 of 2nd period - Stopped by Philipp Grubauer with a rebound.
17:45 of 2nd period - Snap shot by Erik Condra.
17:45 of 2nd period - Shot Misses the Net.
17:46 of 2nd period - Brandon Burlon beats up Buddy Robinson.
17:46 of 2nd period - Penalty to Buddy Robinson for Fighting.
17:46 of 2nd period - Penalty to Brandon Burlon for Fighting.
17:47 of 2nd period - Leon Draisaitl wins face-off versus Marko Dano in Bruins zone.
18:13 of 2nd period - Minor Penalty to Dennis Everberg for Interference.
18:14 of 2nd period - Tyler Brown wins face-off versus Marko Dano in Bruins zone.
19:02 of 2nd period - Erik Condra is hit by Raman Hrabarenka and loses puck.
19:12 of 2nd period - Off-side.
19:13 of 2nd period - Marko Dano wins face-off versus Leon Draisaitl in neutral zone.
Goals for this period are 0 for Bears vs 0 for Bruins.
Shots for this period are 8 for Bears vs 7 for Bruins.

3rd period


0:01 of 3rd period - Leon Draisaitl wins face-off versus Marko Dano in neutral zone.
0:13 of 3rd period - Penalty to Dennis Everberg is over, Dennis Everberg is back on ice.
0:58 of 3rd period - Kyle Clifford is hit by Conor Allen and loses puck.
1:41 of 3rd period - Minor Penalty to David Dziurzynski for Hooking.
1:42 of 3rd period - Marko Dano wins face-off versus Steve Bernier in Bears zone.
1:44 of 3rd period - Snap shot by Dennis Everberg.
1:44 of 3rd period - Shot Misses the Net.
1:50 of 3rd period - Snap shot by Michael Ryder.
1:50 of 3rd period - Shot Misses the Net.
1:52 of 3rd period - Slapshot by Brandon Gormley.
1:52 of 3rd period - Shot Blocked by Raman Hrabarenka.
1:54 of 3rd period - Slapshot by Brandon Gormley.
1:54 of 3rd period - Shot Misses the Net.
1:56 of 3rd period - Slapshot by Brandon Gormley.
1:56 of 3rd period - Goal by Brandon Gormley - Bears : 1 - Bruins : 1.
1:57 of 3rd period - Steve Bernier wins face-off versus Marko Dano in neutral zone.
2:00 of 3rd period - Dennis Everberg is hit by Ludwig Bystrom and loses puck.
2:11 of 3rd period - Slapshot by Marko Dano.
2:11 of 3rd period - Shot Misses the Net.
2:31 of 3rd period - Ludwig Bystrom is hit by Cole Schneider.
2:44 of 3rd period - Ludwig Bystrom is hit by Raman Hrabarenka.
2:46 of 3rd period - Penalty to Brandon Burlon is over, Brandon Burlon is back on ice.
3:41 of 3rd period - Penalty to David Dziurzynski is over, David Dziurzynski is back on ice.
4:05 of 3rd period - Snap shot by David Dziurzynski.
4:05 of 3rd period - Shot Misses the Net.
4:07 of 3rd period - Snap shot by Jesse Root.
4:07 of 3rd period - Stopped by Philipp Grubauer with a rebound.
4:09 of 3rd period - Slapshot by Kyle Cumiskey.
4:09 of 3rd period - Deflect By Cole Schneider.
4:09 of 3rd period - Stopped by Philipp Grubauer with a rebound.
4:11 of 3rd period - Slapshot by Ben Youds.
4:11 of 3rd period - Stopped by Philipp Grubauer with a rebound.
4:13 of 3rd period - Slapshot by Brandon Burlon.
4:13 of 3rd period - Stopped by Philipp Grubauer without a rebound.
4:14 of 3rd period - Kael Mouillierat wins face-off versus Jesse Root in Bruins zone.
4:19 of 3rd period - Justin Florek is hit by Kevin Czuczman and loses puck.
5:12 of 3rd period - Slapshot by Michael Ryder.
5:12 of 3rd period - Shot Blocked by Johan Alm.
5:18 of 3rd period - Kyle Clifford is hit by Kevin Czuczman and loses puck.
5:37 of 3rd period - Jesse Root is hit by Buddy Robinson and loses puck.
5:48 of 3rd period - Slapshot by Brandon Gormley.
5:48 of 3rd period - Shot Blocked by Jordan Oesterle.
6:04 of 3rd period - Jordan Oesterle is hit by Brandon Burlon and loses puck.
6:23 of 3rd period - Jordan Oesterle is hit by Kyle Clifford and loses puck.
6:59 of 3rd period - Wrist shot by Andreas Athanasiou.
6:59 of 3rd period - Stopped by Philipp Grubauer without a rebound.
7:00 of 3rd period - Jesse Root wins face-off versus Kevin Porter in Bruins zone.
7:51 of 3rd period - Wrist shot by Marko Dano.
7:51 of 3rd period - Shot Blocked by Brandon Burlon.
7:53 of 3rd period - Backhand shot by Johan Alm.
7:53 of 3rd period - Shot Blocked by Brandon Gormley.
8:09 of 3rd period - Snap shot by Dennis Everberg.
8:09 of 3rd period - Stopped by John Gibson with a rebound.
8:53 of 3rd period - Erik Condra is hit by Buddy Robinson and loses puck.
9:13 of 3rd period - Icing by Buddy Robinson.
9:14 of 3rd period - Andrew Cherniwchan wins face-off versus Tyler Brown in Bruins zone.
9:24 of 3rd period - Icing by Tyler Brown.
9:25 of 3rd period - Kevin Porter wins face-off versus Tyler Brown in Bears zone.
9:28 of 3rd period - Snap shot by Borna Rendulic.
9:28 of 3rd period - Shot Blocked by Brandon Gormley.
10:04 of 3rd period - Wrist shot by Leon Draisaitl.
10:04 of 3rd period - Stopped by Philipp Grubauer with a rebound.
10:06 of 3rd period - Wrist shot by Erik Condra.
10:06 of 3rd period - Deflect By Andrew Agozzino.
10:06 of 3rd period - Shot Blocked by Andrew Agozzino.
10:06 of 3rd period - Puck is out of play.
10:07 of 3rd period - Dennis Rasmussen wins face-off versus Erik Condra in Bruins zone.
10:07 of 3rd period - Dennis Rasmussen is hit by Kyle Cumiskey.
10:33 of 3rd period - Minor Penalty to David Dziurzynski for Holding.
10:34 of 3rd period - Steve Bernier wins face-off versus Marko Dano in Bears zone.
10:53 of 3rd period - Wrist shot by Marko Dano.
10:53 of 3rd period - Deflect By Kevin Porter.
10:53 of 3rd period - Stopped by John Gibson with a rebound.
10:55 of 3rd period - Wrist shot by Kevin Porter.
10:55 of 3rd period - Deflect By Marko Dano.
10:55 of 3rd period - Goal by Marko Dano - Bears : 1 - Bruins : 2.
10:56 of 3rd period - Kevin Porter wins face-off versus Tyler Brown in neutral zone.
11:03 of 3rd period - Slapshot by Cole Schneider.
11:03 of 3rd period - Stopped by John Gibson with a rebound.
11:22 of 3rd period - Raman Hrabarenka and Kyle Clifford fight to a draw.
11:22 of 3rd period - Penalty to Raman Hrabarenka for Fighting.
11:22 of 3rd period - Penalty to Kyle Clifford for Fighting.
11:23 of 3rd period - Leon Draisaitl wins face-off versus Marko Dano in Bruins zone.
11:36 of 3rd period - Snap shot by Marko Dano.
11:36 of 3rd period - Stopped by John Gibson with a rebound.
12:08 of 3rd period - Slapshot by Cole Schneider.
12:08 of 3rd period - Stopped by John Gibson with a rebound.
12:39 of 3rd period - Snap shot by Borna Rendulic.
12:39 of 3rd period - Shot Misses the Net.
14:06 of 3rd period - Slapshot by Justin Florek.
14:06 of 3rd period - Stopped by Philipp Grubauer with a rebound.
14:22 of 3rd period - Snap shot by Cole Schneider.
14:22 of 3rd period - Shot Blocked by Kyle Cumiskey.
15:10 of 3rd period - Beau Schmitz is hit by Tyler Brown and loses puck.
15:15 of 3rd period - Slapshot by Brandon Gormley.
15:15 of 3rd period - Shot Blocked by Dennis Everberg.
15:29 of 3rd period - Brandon Gormley is hit by Buddy Robinson and loses puck.
15:40 of 3rd period - Kevin Czuczman is hit by Chad LaRose and loses puck.
15:59 of 3rd period - Wrist shot by Kael Mouillierat.
15:59 of 3rd period - Stopped by John Gibson without a rebound.
16:00 of 3rd period - Andrew Agozzino wins face-off versus Leon Draisaitl in Bears zone.
16:09 of 3rd period - Erik Condra is hit by Conor Allen and loses puck.
16:26 of 3rd period - Brandon Gormley is hit by Marc Hagel and loses puck.
16:54 of 3rd period - Minor Penalty to Dennis Rasmussen for Slashing.
16:55 of 3rd period - Leon Draisaitl wins face-off versus Marko Dano in Bruins zone.
17:01 of 3rd period - Slapshot by Leon Draisaitl.
17:01 of 3rd period - Shot Blocked by Johan Alm.
17:03 of 3rd period - Wrist shot by Erik Condra.
17:03 of 3rd period - Shot Blocked by Johan Alm.
17:05 of 3rd period - Slapshot by Steve Bernier.
17:05 of 3rd period - Shot Blocked by Dennis Everberg.
17:07 of 3rd period - Wrist shot by Steve Bernier.
17:07 of 3rd period - Stopped by Philipp Grubauer without a rebound.
17:08 of 3rd period - Steve Bernier wins face-off versus Marko Dano in Bruins zone.
18:12 of 3rd period - Icing by Tyler Brown.
18:13 of 3rd period - Tyler Brown wins face-off versus Marko Dano in Bears zone.
18:54 of 3rd period - Penalty to Dennis Rasmussen is over, Dennis Rasmussen is back on ice.
19:02 of 3rd period - Conor Allen is hit by Kyle Clifford and loses puck.
19:18 of 3rd period - Bears, John Gibson is pulled from the net.
19:28 of 3rd period - Snap shot by Erik Condra.
19:28 of 3rd period - Stopped by Philipp Grubauer with a rebound.
Goals for this period are 1 for Bears vs 1 for Bruins.
Shots for this period are 10 for Bears vs 7 for Bruins.